[Event "88th Tata Steel Masters 2026"]
[White "Aravindh,Chithambaram VR."]
[Black "Erigaisi Arjun"]
[Site "Wijk aan Zee"]
[Round "8.1"]
[Annotator "TA"]
[Result "1/2-1/2"]
[Date "2026.01.25"]
[WhiteElo "2700"]
[BlackElo "2775"]
[PlyCount "152"]
[TimeControl "60"]

1. e4 c5 2. Nf3 e6 3. d4 cxd4 4. Nxd4 Nc6 5. Nb5 Nf6 6. Bf4 {[%emt 0:0:0] B44: Sicilian: Taimanov: 5 Nb5.} e5 7. Bg5 Bc5 8. N1c3 {[%emt 0:0:0] aiming for Nd5. White is slightly better.} d6 9. Bxf6 Qxf6 10. Nc7+ Kd8 11. f3 Rb8 {[%emt 0:0:0] [#] A sharp opening} 12. Qd2 $1 {[%emt 0:2:18] Inhibits Qh6.} h5 13. N7d5 Qh6 14. f4 exf4 15. O-O-O {[%emt 0:1:14] White sacrificed a pawn} Bd4 16. Ne2 Be5 17. Nexf4 {[%emt 0:0:58] Strong Square White (d5)} Bg4 18. Re1 $146 ({Predecessor:} 18. Be2 Bxe2 19. Nxe2 Qxd2+ 20. Rxd2 Ne7 21. Ne3 Ke8 22. a4 Rh6 23. g3 Rf6 24. Rhd1 Nc6 25. Nc3 Bxc3 26. bxc3 {½-½ Wittlieb,F (1879)-Just,J (2047) GER DSF C26 f email rapid 2024} )Be6 19. g3 h4 20. Rg1 Bd4 21. Rg2 h3 22. Rge2 Bg4 23. Re3 g5 {[%emt 0:3:47] [#]} (23... Bxe3 $14 24. Nxe3 Bc8 )24. Ne2 $1 $16 {[%emt 0:14:3][%cal Yf4e2,Ye2c3,Yc3e4][%mdl 32] Excellent horsemanship.} Bxe3 25. Nxe3 Bd7 26. Nc3 {[%emt 0:2:8][%mdl 1024] White has strong compensation.} g4 27. Be2 (27. Nb5 Ke7 $11 )(27. Bb5 {keeps more tension.} Rc8 28. Rf1 Ne5 29. Bxd7 Kxd7 30. Ncd5 )Re8 28. Rf1 f5 29. Rf4 (29. Nxf5 Qxd2+ 30. Kxd2 Bxf5 31. exf5 Ne5 $16 )fxe4 30. Nxe4 (30. Bxg4 $6 Bxg4 31. Nxg4 Qe6 $14 )Rf8 31. Nxg4 {[%emt 0:7:55] White has more active pieces.} (31. Bxg4 $2 Rxf4 32. gxf4 Qxf4 33. Bxd7 Kxd7 (33... Qxe4 34. Bxh3 Qg6 35. b3 $11 )34. Nc5+ Kc8 $19 )(31. Rxf8+ $16 Qxf8 32. Nd5 )Bxg4 $11 32. Rxg4 (32. Rxf8+ $11 Qxf8 33. Bxg4 )Qxd2+ $15 33. Kxd2 Kc7 34. Nc3 Rbe8 35. Nd5+ Kb8 36. Rf4 Rh8 37. c4 Re5 38. Bd3 Rg5 39. Nf6 (39. Ne3 $11 )Ne5 $17 40. Ne4 Nxd3 41. Kxd3 {[%emt 0:20:57][%mdl 4096] Endgame KRR-KRN} Ra5 42. Nc3 Re5 43. Kd2 {[%emt 0:1:7] Dodges Re1} a6 44. a4 a5 45. b3 Ka7 46. Rf7 ({White should play} 46. Rf3 $15 )Ree8 47. Rf5 (47. Nd5 $142 )Ka6 (47... Rhf8 $142 48. Rxa5+ Kb8 )48. Nd5 Re4 ({Better is} 48... Rhf8 $17 49. g4 Rxf5 50. gxf5 Ka7 )49. Rf6 Ka7 50. Rxd6 Rg4 51. Rf6 Rxg3 52. hxg3 $15 {[%emt 0:0:7] KRN-KR} h2 53. Rf1 h1=Q 54. Rxh1 Rxh1 {[%emt 0:0:3] KR-KN} 55. Kc3 Rg1 56. c5 Rxg3+ 57. Kc4 Rg4+ 58. Kb5 Rd4 59. Nb6 Rb4+ 60. Kxa5 Rxb3 61. Nc8+ Kb8 62. Nd6 Rb1 63. Nb5 Ra1 64. Kb4 Kc8 65. Nd4 Kc7 66. Kb5 Rd1 67. Kc4 Rh1 68. Ne6+ Kb8 69. Nd4 Rh4 70. Kd5 Ka7 (70... Kc7 $17 )71. a5 {[%emt 0:1:43] The position is equal.} Rh5+ 72. Kd6 Ka6 73. c6 bxc6 74. Nxc6 Rh6+ 75. Kc5 Rxc6+ 76. Kxc6 Kxa5 {[%emt 0:0:4] Weighted Error Value: White=0.14 (very precise) /Black=0.13 (very precise)   Mistake:       	White=5     	Black=4      Inaccurate:     	White=3     	Black=4      OK:         	White=9     	Black=6      Best:        	White=1     	Black=2      Strong:       	White=1     	---} 1/2-1/2

[Event "88th Tata Steel Masters 2026"]
[White "Fedoseev,Vladimir"]
[Black "Gukesh D"]
[Site "Wijk aan Zee"]
[Round "8.2"]
[Annotator "TA"]
[Result "0-1"]
[Date "2026.01.25"]
[WhiteElo "2705"]
[BlackElo "2754"]
[PlyCount "81"]
[TimeControl "60"]

1. d4 Nf6 2. c4 e6 3. Nc3 Bb4 4. Qc2 d5 5. Nf3 O-O 6. e3 b6 7. Be2 {[%emt 0:0:0] E34: Nimzo-Indian: Classical: 4...d5.} Bb7 8. cxd5 exd5 9. a3 {[%emt 0:0:0] The position is equal.} Be7 10. b4 Nbd7 11. Rb1 $146 ({Predecessor:} 11. O-O a6 12. Qb3 Rb8 13. Rd1 Bd6 14. a4 c5 15. bxc5 bxc5 16. dxc5 Nxc5 17. Qa2 Qc7 {½-½ Ranaldi,L (2283)-Haug,J (2401) Hersonissos op 2nd 2018 (7)} )c6 12. O-O Bd6 13. Nh4 (13. Bd3 $11 )Re8 14. Nf5 Bf8 15. f3 g6 16. Ng3 Rc8 17. Bd2 Bg7 18. e4 c5 19. bxc5 bxc5 20. e5 (20. Rxb7 $6 cxd4 21. Rd1 dxc3 $17 )cxd4 21. exf6 dxc3 22. Bc1 Qxf6 23. Rxb7 Nc5 24. Rb4 a5 25. Rb5 h5 26. Rd1 h4 27. Nh1 (27. Rxd5 hxg3 28. Qd1 (28. Rbxc5 $2 {loses.} Rxc5 $19 )Ne4 $19 )Ne6 28. Rbxd5 Nd4 $36 {[%emt 0:0:38][%mdl 2048] Against Bb5. Black is pushing.} 29. R5xd4 (29. R1xd4 Qb6 30. Kf1 Bxd4 $17 )Qb6 $1 30. Kf1 Bxd4 31. a4 Red8 32. Bb5 $2 {[%emt 0:3:39] [#]} (32. h3 $11 {and White stays safe.} )Be3 $19 33. Bd3 {[%emt 0:1:56] White is weak on the dark squares} Bxc1 34. Rxc1 Rd4 {[%emt 0:1:11] Black has more active pieces.} (34... Qe3 $17 35. Nf2 h3 )35. Nf2 $11 Rb4 36. Nd1 {[%emt 0:4:5][%cal Yh2h3] Wards off Rb2} Qd6 37. h3 Kg7 38. Nxc3 $2 {[%emt 0:8:10][%mdl 8192] [#]} (38. Ra1 $1 $15 )Rb3 $19 39. Qd2 Qb4 40. Bxg6 (40. Bb5 $142 )Rbxc3 $2 (40... Kxg6 41. Rd1 Rbxc3 42. Qd6+ Qxd6 43. Rxd6+ Kg7 )41. Bc2 $2 {[%emt 0:25:55] Weighted Error Value: White=0.45/Black=0.35   Loses game:     	White=1     	---        Mistake:       	White=4     	Black=2      Inaccurate:     	White=2     	Black=3      OK:         	White=6     	Black=5      Strong:       	---       	Black=1} (41. Rxc3 $19 Qxc3 42. Qxc3+ Rxc3 43. Bf5 )0-1

[Event "88th Tata Steel Masters 2026"]
[White "Niemann,Hans Moke"]
[Black "Van Foreest,Jorden"]
[Site "Wijk aan Zee"]
[Round "8.3"]
[Annotator "TA"]
[Result "1/2-1/2"]
[Date "2026.01.25"]
[WhiteElo "2725"]
[BlackElo "2703"]
[PlyCount "100"]
[TimeControl "60"]

1. e4 c5 2. Nf3 e6 3. d4 cxd4 4. Nxd4 Nc6 5. Nc3 Nf6 6. Ndb5 d6 7. Bf4 e5 8. Bg5 a6 9. Na3 b5 10. Nd5 Be7 11. Bxf6 Bxf6 12. c4 b4 {[%emt 0:0:0] B33: Sicilian: Pelikan and Sveshnikov Variations.} 13. Nc2 O-O 14. Qf3 Bg5 15. h4 Bh6 16. g4 {[%emt 0:0:0] [#]} Bf4 17. Be2 $16 (17. Ndxb4 Nxb4 18. Nxb4 Qb6 $17 )Be6 18. Nxf4 (18. Ncxb4 Nd4 19. Qc3 a5 $17 )(18. Ndxb4 $6 Nxb4 19. Nxb4 Qb6 $15 )exf4 19. Qxf4 Ne5 20. Ne3 (20. Nxb4 Rb8 21. a3 a5 $17 (21... Bxc4 22. Bxc4 Nxc4 23. Nc6 $11 ))Ng6 21. Qg3 $146 ({Predecessor:} 21. Qf3 Qa5 22. h5 Ne5 23. Qf4 b3+ 24. Kf1 f6 25. Nf5 bxa2 26. Rh3 Rab8 27. Qc1 Nc6 28. Ra3 {½-½ Samani,Y (2326)-Schekachikhin,M (2359) SRB-chT 2nd League 2022 (1.2)} )Qf6 22. O-O-O (22. Qxd6 Qxb2 23. Rd1 Rad8 (23... Qxa2 24. f4 $11 )24. Qxd8 Rxd8 25. Rxd8+ Nf8 )Nf4 23. Rhe1 Qe5 24. Bf1 Rfe8 25. Kb1 a5 26. f3 a4 27. Qh2 h5 28. gxh5 a3 29. b3 f5 30. Qd2 fxe4 31. fxe4 Qxe4+ {[%emt 0:10:17] [#]} 32. Nc2 (32. Kc1 $1 $16 Qf3 (32... Nxh5 33. Bg2 $16 )33. h6 )Qf5 $14 33. Qd4 {[%emt 0:12:50] aiming for h6.} (33. Qxb4 $2 Qf6 34. Nd4 (34. Qxd6 Qb2# )(34. Nxa3 $2 Bf5+ $19 )Bf5+ 35. Kc1 Nd3+ 36. Rxd3 (36. Bxd3 Qxd4 37. Rxe8+ Rxe8 38. Re1 Qb2+ 39. Kd1 Bg4+ )Bxd3 37. Bxd3 Qxd4 38. Rxe8+ Rxe8 $19 )Bf7 34. h6 (34. Qxd6 $2 Bxh5 35. Bd3 Rxe1 36. Nxe1 Nxd3 37. Qxd3 Qg4 $19 )Re5 35. Rxe5 (35. Qxd6 $2 Rxe1 36. Rxe1 Bg6 $19 )dxe5 36. Qd7 Qf6 37. hxg7 Ne6 {[%emt 0:2:55] The position is equal.} 38. Qb7 (38. Nxb4 $2 Rd8 $19 )Rd8 39. Rxd8+ Nxd8 40. Qg2 (40. Qxb4 $2 {loses.} Qxf1+ 41. Qe1 Qxe1+ 42. Nxe1 Nc6 $19 )Nc6 41. c5 e4 42. Ne3 Qd4 43. Qf2 Ne5 {[%emt 0:2:16] Repels Bc4} 44. c6 Nxc6 45. Bc4 {[%emt 0:1:56] Really sharp!} Ne5 46. Bxf7+ Nxf7 47. h5 Qd3+ 48. Kc1 Qc3+ 49. Kb1 Qd3+ 50. Kc1 Qc3+ {[%emt 0:0:8] Weighted Error Value: White=0.04 (flawless) /Black=0.04 (flawless)   Mistake:       	White=1     	Black=1      Inaccurate:     	White=1     	---        OK:         	White=13    	Black=8      Best:        	White=2     	---} 1/2-1/2

[Event "88th Tata Steel Masters 2026"]
[White "Keymer,Vincent"]
[Black "Sindarov,Javokhir"]
[Site "Wijk aan Zee"]
[Round "8.4"]
[Annotator "TA"]
[Result "1/2-1/2"]
[Date "2026.01.25"]
[WhiteElo "2776"]
[BlackElo "2726"]
[PlyCount "95"]
[TimeControl "60"]

1. d4 Nf6 2. Nf3 g6 3. g3 c5 4. Bg2 cxd4 5. Nxd4 Bg7 6. c4 Nc6 7. Nc3 h5 {[%emt 0:0:0] A38: Symmetrical English vs ...g6: 4 Bg2 Bg7 5 Nf3 Nf6.} 8. O-O h4 9. Bf4 hxg3 10. hxg3 Nh5 $146 ({Predecessor:} 10... Qa5 11. e3 g5 12. Nb3 Qf5 13. Bc7 d6 14. c5 Qh7 15. Re1 Qh2+ 16. Kf1 Bg4 17. Qd3 a6 18. cxd6 Ne5 19. Qd5 Nxd5 {0-1 Jumabayev,R (2560)-Firouzja,A (2754) Titled Tuesday intern op 30th Sep blitz 2025 (8)} )11. Be3 Nf6 $1 12. Nd5 (12. Nxc6 $11 dxc6 13. Qa4 (13. Qxd8+ Kxd8 14. Rfd1+ Ke8 $11 ))O-O (12... Ng4 $15 13. Nb5 Be5 )13. Nxf6+ $14 Bxf6 14. Qd2 Ne5 15. Rac1 {[%emt 0:1:35] White is more active.} d6 16. Rfd1 Ng4 17. Bg5 e5 18. Bxf6 Qxf6 19. f3 {[%emt 0:0:36] Successful Defense White} exd4 20. fxg4 Bxg4 21. Qxd4 Qg5 22. Kf2 ({Reject} 22. Qxd6 Qe3+ 23. Kh2 Rae8 $15 (23... Qxe2 24. Rd2 $11 )(23... Bxe2 24. Qd2 $11 ))Rfe8 23. Bf3 Bxf3 24. exf3 $40 {[%emt 0:0:31][%mdl 128] White is up to no good.} b6 25. Rd2 Re6 26. Rh1 {[%emt 0:1:7] Prevents Qh6.} Qe5 {[%emt 0:0:40] Prevents Rh8+.} 27. Qxe5 dxe5 {[%emt 0:0:47][%mdl 4096] Endgame KRR-KRR} 28. Ke3 Kg7 29. g4 Rf6 30. b3 Rf4 31. Rd7 Re8 {[%emt 0:13:56] Prevents Re7} (31... g5 $11 )32. g5 (32. Rxa7 $16 g5 33. Rh5 )Rf5 33. Rg1 a5 34. Rd6 Rb8 35. a4 Kf8 36. Rd5 Rc8 37. Rd6 Rb8 38. Rd7 Rc8 39. Rgd1 Rxg5 40. R1d6 Kg7 {[%emt 0:0:0] Dodges Rf6} 41. Rxb6 Rf5 42. Rb5 Rh8 43. Rd2 {[%emt 0:2:44][%cal Yc4c5] Black must now prevent c5!.} Rh3 44. Rf2 g5 45. Ke2 Rh1 46. Ke3 Re1+ 47. Kd2 Ra1 48. Ke3 {[%emt 0:0:56] Weighted Error Value: White=0.09 (flawless) /Black=0.11 (very precise)   Mistake:       	White=2     	Black=2      Inaccurate:     	White=2     	Black=1      OK:         	White=7     	Black=8      Strong:       	---       	Black=1} (48. Rxa5 g4 49. Ke2 Kf6 $17 (49... g3 50. Rf1 $15 ))1/2-1/2

[Event "88th Tata Steel Masters 2026"]
[White "Abdusattorov,Nodirbek"]
[Black "Giri,Anish"]
[Site "Wijk aan Zee"]
[Round "8.5"]
[Annotator "TA"]
[Result "0-1"]
[Date "2026.01.25"]
[WhiteElo "2751"]
[BlackElo "2760"]
[PlyCount "102"]
[TimeControl "60"]

1. d4 Nf6 2. c4 e6 3. Nc3 Bb4 4. Nf3 d5 5. cxd5 exd5 6. Bf4 {[%emt 0:0:0] D38: Queen's Gambit Declined: Ragozin Defence (4 Nf3 Bb4).} Ne4 7. Rc1 Nc6 8. Nd2 {[%emt 0:0:0] The position is equal.} g5 9. Be3 Nxc3 10. bxc3 Ba3 11. Rb1 f5 $1 12. g3 {[%emt 0:0:0] Hoping for h4.} Bd6 13. Nf3 f4 14. Bc1 O-O 15. Rb5 g4 16. Nh4 Ne7 17. e3 c6 18. Rb2 $146 ({Predecessor:} 18. Rb3 f3 19. Bd3 Ng6 20. Nxg6 hxg6 21. Qc2 Qe7 22. Bxg6 b5 23. Kd1 Kg7 24. Bd3 {0-1 Martirosyan,H (2624)-Volokitin,A (2656) EU-chT 23rd Terme Catez 2021 (9.2)} )f3 19. h3 b5 20. Qd3 (20. hxg4 $11 Bxg4 21. Qc2 )Rf7 $36 {[%emt 0:3:5][%mdl 2048] Black has some pressure.} 21. Kd1 (21. Qd1 $15 )Rb8 (21... gxh3 $17 22. Kc2 Ba3 )22. hxg4 $11 Bxg4 23. Bh3 (23. Qb1 $11 {remains equal.} )Bxh3 $17 24. Rxh3 Qd7 25. Rh1 Qg4 26. Kc2 {[%emt 0:2:18] White is weak on the light squares} Ba3 ({Better is} 26... Rbf8 27. Kb1 Bxg3 28. Nxf3 (28. fxg3 $2 f2 $19 )Qxf3 )27. Rb3 {[%emt 0:7:42] [#]} Bxc1 28. Kxc1 Nc8 29. Qf1 Kg7 {[%emt 0:2:29] Black has more active pieces.} 30. Qd1 (30. Qh3 $2 h5 31. Qf1 Nd6 $19 )h5 31. e4 $2 {[%emt 0:0:34] Black has space advantage and is better} dxe4 $19 32. d5 Qg5+ 33. Kb1 Qxd5 34. c4 Qxd1+ 35. Rxd1 Nb6 36. cxb5 Na4 37. Rd4 Nc5 38. Rc3 Rxb5+ 39. Kc2 Rfb7 40. Rcc4 Kf6 {[%emt 0:0:0] Dodges Nf5} 41. Kc3 Rb1 42. Rd2 Rc1+ $2 (42... R7b5 $19 43. Kd4 a5 )43. Rc2 $17 Rxc2+ 44. Kxc2 {[%emt 0:0:1][%mdl 4096] Endgame KRN-KRN. Black is two pawns up.} Rb5 45. Kc3 (45. a4 $17 Ra5 46. Kd2 )Ke5 $19 46. Ng6+ (46. a4 {was necessary.} Ra5 (46... Rb3+ 47. Kc2 $11 )47. Ng6+ Kf6 48. Nh4 )Kd6 47. Kd4 $2 (47. Nh4 e3 48. Nf5+ Ke5 49. Nxe3 Ne4+ 50. Kc2 )Rb2 {[%emt 0:4:11][%csl Ya2,Yf2] [#] and ...Rd2+ should not be overlooked. Black is clearly winning.} 48. Rxc5 Rb4+ 49. Rc4 c5+ 50. Kc3 e3 51. Rh4 Rb1 {[%emt 0:2:16] Weighted Error Value: White=0.26 (precise) /Black=0.27 (precise)  Prevents Rh1.  Loses game:     	White=1     	---        Missed win:     	---       	Black=2      Mistake:       	White=6     	Black=2      Inaccurate:     	White=3     	Black=1      OK:         	White=8     	Black=6      Best:        	White=1     	Black=2      Strong:       	---       	Black=1} 0-1

[Event "88th Tata Steel Masters 2026"]
[White "Erdogmus,Yagiz Kaan"]
[Black "Praggnanandhaa R"]
[Site "Wijk aan Zee"]
[Round "8.6"]
[Annotator "TA"]
[Result "1/2-1/2"]
[Date "2026.01.25"]
[WhiteElo "2658"]
[BlackElo "2758"]
[PlyCount "91"]
[TimeControl "60"]

1. e4 c5 2. Nf3 Nc6 3. Bb5 e6 4. Bxc6 bxc6 5. b3 e5 6. Nxe5 {[%emt 0:0:0] B30: Sicilian: 2...Nc6 3 Bb5, lines without ...g6.} Qe7 7. Bb2 f6 8. Ng4 $146 {[%emt 0:8:17] and 0-0 should not be overlooked. White is slightly better.} (8. Qh5+ $2 g6 9. Qh4 fxe5 $19 )({Predecessor:} 8. Nf3 Qxe4+ 9. Qe2 Qxe2+ 10. Kxe2 d5 11. Re1 Ba6+ 12. d3 Rb8 13. Kf1+ Kf7 14. Kg1 {0-1 Rodriguez Garcia,C (1866)-Diaz Camallonga,C (2144) ESP-ch U16 Salobrena 2012 (2)} )Qxe4+ 9. Ne3 d5 10. O-O Ne7 11. Nc3 Qh4 12. Re1 Kf7 13. Qf3 Qg5 14. Na4 Ng6 15. Qg3 Qxg3 16. hxg3 Ne5 17. Ba3 c4 18. Bxf8 Rxf8 19. f4 Ng4 20. bxc4 Nxe3 21. Rxe3 dxc4 22. Nb2 Be6 23. Rae1 Rfe8 24. Rc3 Bd5 25. Rxe8 Rxe8 26. Nxc4 $14 {[%emt 0:2:16][%mdl 4096] Endgame KRB-KRN. White is a pawn up.} Re2 27. Ne3 ({Don't play} 27. Nd6+ Ke6 28. Nc4 Rxg2+ (28... Bxg2 29. f5+ Ke7 30. Ra3 $11 )29. Kf1 g6 $11 )Rxd2 28. Ra3 Kg6 29. Kf1 h5 (29... Be4 $11 )30. Rxa7 (30. Ra4 $16 Be6 31. Rxa7 )Be4 $11 31. Ra3 (31. Ke1 $14 Rd4 32. Kf1 )Rd7 32. Ra4 Bd5 (32... f5 $11 )33. Ke2 Be6 (33... Kf7 $14 )34. Ra5 $16 Kh6 (34... Bg4+ $16 35. Ke1 (35. Nxg4 $2 hxg4 36. a4 Rb7 $18 )Rd8 )35. a3 Bg4+ 36. Ke1 ({Better is} 36. Nxg4+ hxg4 37. a4 )Rd4 37. Rc5 (37. a4 $142 )Ra4 38. Rc3 Bd7 39. Nc4 Be6 40. Nb2 Ra5 41. Nd3 Bd5 {[%emt 0:24:46] The position is equal.} 42. Kf2 Kg6 43. Nb4 Be4 44. Nxc6 Bxc6 45. Rxc6 Rxa3 46. Rc5 {[%emt 0:0:26] Weighted Error Value: White=0.18 (very precise) /Black=0.15 (very precise)   Mistake:       	White=4     	Black=4      Inaccurate:     	White=6     	Black=3      OK:         	White=5     	Black=4} 1/2-1/2

[Event "88th Tata Steel Masters 2026"]
[White "Bluebaum,Matthias"]
[Black "Nguyen,Thai Dai Van"]
[Site "Wijk aan Zee"]
[Round "8.7"]
[Annotator "TA"]
[Result "1/2-1/2"]
[Date "2026.01.25"]
[WhiteElo "2679"]
[BlackElo "2656"]
[PlyCount "81"]
[TimeControl "60"]

1. d4 Nf6 2. c4 e6 3. Nc3 d5 4. cxd5 Nxd5 5. e4 Nxc3 6. bxc3 c5 7. Rb1 Be7 {[%emt 0:0:0] D35: Queen's Gambit Declined: Exchange Variation.} 8. Nf3 O-O 9. Bd3 {[%emt 0:0:0] 9.h4 is becoming the main line.} cxd4 $1 10. cxd4 Nc6 11. Be2 $5 {[%emt 0:0:0][%mdl 4] Leaves trodden paths.} Qa5+ 12. Bd2 Bb4 $146 {[%emt 0:0:53] [#]} (12... Qxa2 $11 13. Ra1 Qb2 )({Predecessor:} 12... Qxa2 13. O-O Rd8 14. Bc3 Qa3 15. Qc2 Qd6 16. Rfd1 a5 17. Bd3 h6 18. e5 Qb8 {½-½ Miettinen,R-Adams,J EU-chT1 qual 2-08 corr 1973} )13. Rxb4 $1 $14 Nxb4 14. Qb3 {[%emt 0:0:34] Wards off Qa3} Qxa2 {[%emt 0:1:37] A sharp opening} 15. Qxb4 a5 {[%emt 0:25:1][%cal Ya7a5,Ya5a4,Ya4a3,Ya3a2][%mdl 32] Black is weak on the dark squares} 16. Qb6 $36 {[%emt 0:1:20][%mdl 2048] White has some pressure.} e5 17. Nxe5 $18 a4 18. Qb4 Qa1+ 19. Bd1 a3 20. Bc3 Qc1 21. Nd3 (21. O-O $142 )Qg5 22. O-O a2 {[%emt 0:1:22] [#]} 23. Ba1 $1 Bh3 24. Bf3 (24. Qxb7 Qxg2# )Rfc8 25. d5 (25. Qxb7 Ra3 26. Kh1 (26. Rd1 $2 Rxd3 $19 )Rxd3 27. gxh3 Qd8 $15 )b5 26. e5 {[%emt 0:3:38][%cal Yd5d6] Strongly threatening d6!.} (26. Qxb5 h5 27. Qb3 Rcb8 $11 )Ra4 27. Qxb5 Raa8 28. Be4 Rab8 29. Qa4 Qg4 (29... Bf5 30. e6 Ra8 )30. f4 $2 ({White should try} 30. Nf4 $18 Rb1 31. f3 (31. Nxh3 Rxf1+ 32. Kxf1 Rc1+ )(31. Bxb1 axb1=R 32. Rxb1 Bxg2 $14 )(31. Rxb1 axb1=Q+ 32. Bxb1 Rc1+ )Rxf1+ 32. Kxf1 )Qe2 $1 $11 31. gxh3 Rb1 32. Bg2 h5 33. e6 Qxd3 34. Qa7 (34. Qxa2 $11 Rcc1 35. Qf2 Rxa1 36. e7 Rxf1+ 37. Bxf1 Rxf1+ 38. Qxf1 Qd4+ (38... Qe3+ 39. Kg2 $11 )39. Kg2 (39. Qf2 Qd1+ 40. Kg2 Qxd5+ 41. Kf1 Qc4+ 42. Kg1 Qe6 $11 )Qxd5+ 40. Qf3 Qd2+ 41. Qf2 (41. Kf1 Qc1+ 42. Kg2 Qd2+ 43. Qf2 Qd5+ 44. Kf1 Qe4 $11 )Qd5+ 42. Kf1 Qc4+ 43. Kg1 )Rxa1 35. Rxa1 {[%emt 0:13:31] The position is equal.} Qb1+ 36. Bf1 Qxa1 37. Qxf7+ Kh8 38. Qxh5+ Kg8 39. Qf7+ Kh8 {[%emt 0:0:30] ( -> ...Qd4+)} (39... Kh7 $5 40. Qh5+ $8 Kg8 41. Qf7+ Kh7 $11 )40. Qh5+ Kg8 41. Qf7+ {[%emt 0:20:16] Blacks defense is rewarded with a draw.   Weighted Error Value: White=0.39/Black=0.35   Missed win:     	White=1     	---        Mistake:       	White=2     	Black=4      Inaccurate:     	---       	Black=1      OK:         	White=11    	Black=7      Best:        	White=5     	Black=3      Strong:       	---       	Black=2} 1/2-1/2

[Event "88th Tata Steel Masters 2026"]
[White "Gukesh D"]
[Black "Bluebaum,Matthias"]
[Site "Wijk aan Zee"]
[Round "9.1"]
[Annotator "TA"]
[Result "0-1"]
[Date "2026.01.27"]
[WhiteElo "2754"]
[BlackElo "2679"]
[PlyCount "74"]
[TimeControl "60"]

1. e4 e5 2. Bc4 Nf6 3. d3 c6 4. Nf3 d5 5. Bb3 Bb4+ 6. c3 Bd6 {[%emt 0:0:0] C24: Bishop's Opening: 2...Nf6.} 7. exd5 cxd5 8. O-O O-O {[%emt 0:0:0] The position is equal.} 9. Bg5 Be6 10. c4 d4 11. Nbd2 Nbd7 12. Re1 Bf5 $146 ({Predecessor:} 12... Qc7 13. a3 Nc5 14. Bxf6 gxf6 15. Bc2 Bg4 16. h3 Bh5 17. b4 Ne6 18. Ne4 Be7 {½-½ Martin Martin,O (2463)-Lyukmanov,V (2434) W-ch43 sf07 email 2019} )13. Ne4 Bxe4 14. Rxe4 h6 15. Bxf6 Qxf6 16. Re1 {[%emt 0:8:13] White is weak on the dark squares} Nc5 17. Bc2 a5 18. Nd2 Bc7 19. b3 Qd6 20. Qh5 f5 21. Rad1 Rae8 {[%emt 0:5:50] Black has space advantage and is better Black is more active.} 22. Nf3 Qf6 23. a3 {[%emt 0:14:4] [#]} ({White should try} 23. g3 )Ne6 $1 $17 24. Nd2 Bd6 25. Qf3 Rf7 (25... Kh8 $142 26. Qxb7 Bxa3 )26. c5 Bxc5 27. Nc4 (27. Qd5 $17 )e4 $19 28. dxe4 {[%emt 0:1:37] [#]} Ng5 $1 29. Qxf5 (29. Qf4 {only move.} fxe4 30. Qxf6 Rxf6 31. b4 axb4 32. axb4 Bxb4 33. Re2 )Qe7 $1 30. Qg6 d3 31. Bxd3 Bxf2+ 32. Kh1 Rf6 {[%emt 0:4:12] Prevents Nd6.} 33. Qh5 Bxe1 34. Rxe1 b5 $40 {[%emt 0:2:23][%mdl 128] Black is out for blood.} 35. Nxa5 Ref8 36. h4 $2 {[%emt 0:2:58] [#]} (36. Qd1 )Qe5 $1 37. Rg1 (37. hxg5 hxg5 )Qg3 {[%emt 0:1:34] Weighted Error Value: White=0.54/Black=0.08 (flawless)   Mistake:       	White=4     	Black=1      Inaccurate:     	White=4     	---        OK:         	White=7     	Black=8      Best:        	White=2     	Black=2      Strong:       	---       	Black=2} 0-1

[Event "88th Tata Steel Masters 2026"]
[White "Nguyen,Thai Dai Van"]
[Black "Erdogmus,Yagiz Kaan"]
[Site "Wijk aan Zee"]
[Round "9.2"]
[Annotator "TA"]
[Result "0-1"]
[Date "2026.01.27"]
[WhiteElo "2656"]
[BlackElo "2658"]
[PlyCount "72"]
[TimeControl "60"]

1. e4 e5 2. Nf3 Nc6 3. Bb5 a6 4. Ba4 Nf6 5. d3 d6 6. c3 g6 7. O-O Bg7 8. Re1 O-O 9. h3 b5 {[%emt 0:10:27] C77: Ruy Lopez: 3...a6 4 Ba4 Nf6, unusual lines.} 10. Bc2 Bb7 11. Be3 {[%emt 0:0:0] outshines the older 11.a4.} Nb8 {[%emt 0:8:30][%cal Yc6b8,Yb8d7,Yd7c5][%mdl 32] White has an edge.} 12. Nbd2 c5 13. a4 $146 ({Predecessor:} 13. d4 cxd4 14. cxd4 exd4 15. Nxd4 Re8 16. a4 b4 17. N4b3 d5 18. Bc5 Nc6 19. a5 Nxe4 {0-1 Saltaev,M (2482)-Amin,B (2683) Bundesliga 2122 2022 (9.4)} )Nbd7 14. d4 exd4 15. cxd4 cxd4 16. Bxd4 Nc5 17. axb5 axb5 18. Qe2 Ne6 19. Qxb5 Nxd4 20. Nxd4 Rb8 21. Qd3 Nd7 22. N2b3 Qb6 {[%emt 0:3:2][%mdl 1024] Black has compensation.} 23. Red1 Rfc8 24. Qd2 Rc4 25. Ne2 $1 Rbc8 {[%emt 0:2:53] Strong Rooks Black (c4+c8)} 26. Nc3 $1 Be5 27. Qe2 Rb4 28. Ra3 Nf6 29. Qd2 (29. Nd2 $1 $11 {keeps the balance.} )Ba6 {[%emt 0:1:37] Black is much more active.} (29... Nxe4 $17 30. Bxe4 Bxe4 31. Nxe4 Rxe4 )30. Rda1 (30. Kh1 {simplifies} Bc4 31. f4 Bxb3 32. fxe5 dxe5 33. Bxb3 Rxb3 34. Rxb3 Qxb3 35. Rf1 )Bc4 $36 {[%emt 0:0:35][%mdl 2048] White is under pressure.} 31. Na5 {[%emt 0:0:32][%mdl 8192] [#] This costs White the game.} ({White should try} 31. Ra8 $15 Rxa8 32. Rxa8+ Kg7 33. Na4 (33. Na5 Be6 $19 ))Rxb2 $19 32. Na4 Qb4 33. Qxb4 Rxb4 34. Rb1 {[%emt 0:0:38] White is weak on the dark squares} Rxb1+ 35. Bxb1 {[%emt 0:0:31] [#] aiming for Nb6.} Bb5 {[%emt 0:1:28] A strong pair of Bishops.} 36. Nb3 {[%emt 0:0:37] Inhibits Rc1+.} Ra8 {[%emt 0:0:30] Weighted Error Value: White=0.34/Black=0.13 (very precise)   Loses game:     	White=1     	---        Mistake:       	White=1     	Black=1      Inaccurate:     	White=6     	Black=2      OK:         	White=3     	Black=7      Strong:       	White=2     	---} 0-1